Map: Deathaura LE

Players

Neeblet (Neeb)

  • Race: Protoss Protoss
  • Spawn Location: 5:00

PtitDrogo - Winner!

  • Race: Protoss Protoss
  • League: Master
  • Spawn Location: 11:00

Event: War Chest Team League

VOD

Have the link to the VOD?

Description

Time

  • Played on: July 31, 2020, 8:58 a.m.
  • Length: 8:02
Show
View Real Time Build Order
Export as new Build Order

Neeblet Protoss 

Build Orders: Oracle Opening 

Get SALT Encoding   

  12  0:00  Probe  
  13  0:12  Probe  
  14  0:20  Pylon  
  14  0:24  Probe  
  15  0:38  Gateway, Probe (Chrono Boost)  
  16  0:46  Probe (Chrono Boost)  
  16  0:47  Assimilator  
  17  0:52  Probe (Chrono Boost)  
  17  0:55  Assimilator  
  18  1:04  Probe (Chrono Boost)  
  18  1:06  Gateway  
  19  1:13  Probe (Chrono Boost)  
  20  1:18  Probe  
  20  1:25  Cybernetics Core  
  21  1:30  Probe  
  22  1:34  Pylon  
  22  1:43  Probe  
  23  1:55  Probe  
  24  2:01  Stalker  
  24  2:02  Stalker, Warp Gate  
  28  2:12  Pylon  
  28  2:14  Probe  
  29  2:24  Shield Battery  
  29  2:31  Stalker  
  29  2:32  Stalker  
  33  2:43  Stargate  
  33  2:54  Shield Battery  
  33  3:07  Probe  
  34  3:19  Probe  
  33  3:24  Oracle (Chrono Boost), Nexus  
  36  3:29  Pylon  
  36  3:31  Probe  
  37  3:44  Probe  
  38  3:51  Sentry  
  38  3:52  Stalker  
  42  3:56  Probe  
  42  4:01  Twilight Council  
  42  4:02  Shield Battery  
  43  4:08  Probe  
  43  4:14  Stalker  
  45  4:31  Stalker  
  45  4:36  Probe (Chrono Boost)  
  45  4:37  Probe (Chrono Boost)  
  47  4:40  Blink (Chrono Boost)  
  46  4:48  Probe (Chrono Boost)  
  46  4:49  Probe (Chrono Boost)  
  48  4:54  Forge, Probe (Chrono Boost)  
  48  4:55  Probe (Chrono Boost)  
  50  5:02  Probe  
  50  5:03  Probe  
  50  5:06  Sentry  
  54  5:09  Phoenix  
  54  5:14  Probe  
  54  5:15  Pylon, Probe  
  56  5:26  Probe  
  56  5:27  Probe  
  58  5:33  Protoss Ground Weapons Level 1 (Chrono Boost)  
  58  5:36  Stalker  
  58  5:38  Stalker, Probe  
  58  5:39  Pylon, Probe  
  64  5:47  Nexus  
  64  5:49  Pylon  
  64  5:51  Probe  
  64  5:54  Assimilator  
  64  5:55  Probe  
  66  6:03  Probe  
  67  6:06  Stalker  
  67  6:07  Stalker, Probe  
  72  6:15  Probe  
  72  6:17  Gateway  
  73  6:19  Gateway  
  73  6:20  Probe  
  73  6:22  Pylon  
  74  6:27  Probe  
  74  6:29  Robotics Facility  
  75  6:33  Probe  
  75  6:36  Sentry, Stalker  
  75  6:39  Probe  
  81  6:42  Shield Battery  
  81  6:45  Probe  
  82  6:51  Probe  
  83  6:58  Gateway  
  83  6:59  Probe  
  83  7:02  Stalker x2, Gateway  
  83  7:05  Probe x2  
  88  7:14  Stalker, Probe  
  88  7:15  Stalker  
  91  7:18  Probe  
  91  7:19  Probe  
  91  7:21  Pylon x2  
  93  7:27  Stalker  
  93  7:28  Stalker  
  99  7:42  Stalker  
  99  7:43  Stalker  
  93  7:44  Probe  
  93  7:45  Probe  
  89  7:54  Pylon  
Show
View Real Time Build Order
Export as new Build Order

PtitDrogo Protoss - Winner!

Build Orders:  

Get SALT Encoding   

  12  0:00  Probe  
  13  0:12  Probe  
  14  0:17  Pylon  
  14  0:24  Probe (Chrono Boost)  
  15  0:36  Gateway, Probe (Chrono Boost)  
  16  0:44  Probe (Chrono Boost)  
  16  0:46  Assimilator  
  17  0:51  Probe  
  17  0:54  Assimilator  
  18  1:03  Probe (Chrono Boost)  
  19  1:07  Gateway  
  19  1:13  Probe (Chrono Boost)  
  19  1:18  Probe (Chrono Boost)  
  20  1:23  Cybernetics Core  
  21  1:29  Probe  
  21  1:32  Pylon  
  22  1:41  Probe  
  23  2:00  Adept x2, Warp Gate  
  27  2:04  Pylon, Probe  
  28  2:31  Sentry x2  
  32  2:38  Probe  
  32  2:42  Nexus  
  33  2:46  Shield Battery  
  33  2:57  Sentry  
  35  3:00  Pylon  
  35  3:04  Sentry  
  36  3:20  Probe (Chrono Boost)  
  36  3:21  Twilight Council  
  37  3:31  Pylon  
  37  3:32  Probe (Chrono Boost)  
  37  3:34  Shield Battery  
  39  3:41  Probe (Chrono Boost)  
  39  3:49  Probe (Chrono Boost)  
  39  3:50  Stalker x2  
  39  3:54  Probe (Chrono Boost)  
  45  4:01  Probe (Chrono Boost)  
  46  4:04  Probe (Chrono Boost)  
  46  4:05  Forge  
  46  4:07  Probe (Chrono Boost)  
  48  4:13  Robotics Facility  
  48  4:14  Probe  
  49  4:22  Probe (Chrono Boost)  
  49  4:28  Probe (Chrono Boost)  
  49  4:29  Blink  
  50  4:37  Probe x2 (Chrono Boost)  
  50  4:42  Probe (Chrono Boost)  
  50  4:43  Stalker  
  50  4:44  Probe  
  52  4:47  Protoss Ground Weapons Level 1 (Chrono Boost)  
  52  4:54  Probe  
  52  4:55  Pylon  
  52  4:56  Assimilator, Probe  
  54  5:11  Nexus  
  54  5:13  Probe  
  54  5:14  Observer  
  56  5:15  Pylon, Probe  
  56  5:20  Stalker  
  59  5:27  Stalker, Probe  
  62  5:45  Gateway, Stalker  
  62  5:46  Gateway  
  62  5:48  Gateway  
  64  5:53  Stalker  
  64  5:55  Shield Battery  
  66  5:58  Probe x2  
  66  6:03  Warp Prism (Chrono Boost)  
  68  6:05  Pylon  
  70  6:16  Gateway  
  70  6:22  Probe x2  
  70  6:23  Probe  
  73  6:32  Stalker x2  
  77  6:34  Probe x2  
  77  6:38  Pylon  
  80  6:40  Pylon  
  80  6:43  Stalker x2  
  80  6:45  Stalker  
  85  7:00  Stalker x2  
  89  7:05  Pylon  
  89  7:13  Stalker x4  
  93  7:16  Probe x2  
  95  7:29  Stalker x2  
  95  7:37  Gateway  
  95  7:38  Stalker x3  
  95  7:40  Zealot  
  100  7:46  Gateway  
  98  7:52  Zealot x2  
Tags
 
Add a new tag
Caveats
  • Supply blocks, unpowered buildings, or Contaminate may cause inaccurate times.
  • Supply counts are checked every 10 seconds.